TOP OF THE 1ST |
---|
Villanova Wildcats batting - Pitching for Tennessee Volunteers : RHP John Lowe | Pitching: RHP John Lowe | | Batting: RHB Bud López | 0-0: Ball 1-0: Called Strike 1-1: Fly out, F4 (Popup, 34D) | Batting: RHB Michael Boulanger | 0-0: Swinging Strike 0-1: Ball 1-1: Called Strike 1-2: Ground out 4-3 (Groundball, 4S) | Batting: LHB William Donnelly | 0-0: Ball 1-0: Ball 2-0: Ball 3-0: Called Strike 3-1: Base on Balls | Batting: RHB Paul Bell | 0-0: Foul Ball, location: 2F 0-1: Ball 1-1: Foul Ball, location: 2F 1-2: Fielders Choice at 2nd, 6-4 (Groundball, 6) | Top of the 1st over - 0 runs, 0 hits, 0 errors, 1 left on base; Villanova 0 - Tennessee 0 | BOTTOM OF THE 1ST |
---|
Tennessee Volunteers batting - Pitching for Villanova Wildcats : RHP Norm Sweetland | Pitching: RHP Norm Sweetland | | Batting: RHB Bruce Carr | 0-0: Called Strike 0-1: Foul Ball, location: 2F 0-2: Foul Ball, location: 2F 0-2: Strikes out swinging | Batting: RHB Gary Washington | 0-0: Called Strike 0-1: Foul Ball, location: 2F 0-2: Ball 1-2: Ball 2-2: Ball 3-2: Base on Balls | Batting: LHB Alfredo Cantú | 0-0: Ball 1-0: Ball 2-0: Fly out, F8 (Flyball, 8RXD) | Batting: LHB Tom McTier | 0-0: Ball 1-0: Foul Ball, location: 2F 1-1: Ball 2-1: Ball 3-1: Foul Ball, location: 2F 3-2: Base on Balls Gary Washington to second | Batting: SHB Jared Calhoun | 0-0: Called Strike 0-1: Foul Ball, location: 2F 0-2: Ball 1-2: Ball 2-2: Foul Ball, location: 2F 2-2: Ball 3-2: Strikes out swinging, 2-3 out at first. | Bottom of the 1st over - 0 runs, 0 hits, 0 errors, 2 left on base; Villanova 0 - Tennessee 0 | TOP OF THE 2ND |
---|
Villanova Wildcats batting - Pitching for Tennessee Volunteers : RHP John Lowe | Batting: RHB Gary Jones | 0-0: Ball 1-0: Ball 2-0: Ball 3-0: Base on Balls | Batting: LHB Anthony Samples | 0-0: Called Strike 0-1: Ball 1-1: Swinging Strike 1-2: Foul Ball, location: 2F 1-2: Ball 2-2: Grounds into double play, 4-6-3 (Groundball, 4) | Batting: RHB Clay Cowden | 0-0: Foul Ball, location: 2F 0-1: Foul Ball, location: 2F 0-2: Ball 1-2: Fly out, F7 (Flyball, 7D) | Top of the 2nd over - 0 runs, 0 hits, 0 errors, 0 left on base; Villanova 0 - Tennessee 0 | BOTTOM OF THE 2ND |
---|
Tennessee Volunteers batting - Pitching for Villanova Wildcats : RHP Norm Sweetland | Batting: LHB Carl Coffman | 0-0: Ground out 4-3 (Groundball, 4M) | Batting: RHB Rodney Walker | 0-0: Ball 1-0: Ball 2-0: Ball 3-0: Called Strike 3-1: Swinging Strike 3-2: Ground out 1-3 (Groundball, P) | Batting: RHB Lorne McClain | 0-0: Ball 1-0: Ball 2-0: Foul Ball, location: 2F 2-1: Foul Ball, location: 2F 2-2: Ball 3-2: Foul Ball, location: 2F 3-2: Foul Ball, location: 2F 3-2: Strikes out swinging | Bottom of the 2nd over - 0 runs, 0 hits, 0 errors, 0 left on base; Villanova 0 - Tennessee 0 | TOP OF THE 3RD |
---|
Villanova Wildcats batting - Pitching for Tennessee Volunteers : RHP John Lowe | Batting: RHB Howard Lynch | 0-0: Called Strike 0-1: Swinging Strike 0-2: Ball 1-2: Strikes out swinging | Batting: SHB Neil Floyd | 0-0: Ball 1-0: Ball 2-0: Called Strike 2-1: Ground out U3 (Groundball, 34) | Batting: RHB Bud López | 0-0: SINGLE (Line Drive, 56) | Batting: RHB Michael Boulanger | 0-0: Ball 1-0: Ball 2-0: Fly out, F9 (Flyball, 89M) | Top of the 3rd over - 0 runs, 1 hit, 0 errors, 1 left on base; Villanova 0 - Tennessee 0 | BOTTOM OF THE 3RD |
---|
Tennessee Volunteers batting - Pitching for Villanova Wildcats : RHP Norm Sweetland | Batting: RHB John Pickup | 0-0: Ball 1-0: Ground out 5-3 (Groundball, 56) | Batting: RHB Bruce Carr | 0-0: Ball 1-0: Ball 2-0: Ball 3-0: Base on Balls | Batting: RHB Gary Washington | 0-0: Ball 1-0: Called Strike 1-1: Ball 2-1: Swinging Strike 2-2: Ball 3-2: Foul Ball, location: 2F 3-2: Strikes out swinging | Batting: LHB Alfredo Cantú | 0-0: Ball 1-0: Ground out 4-3 (Groundball, 4) | Bottom of the 3rd over - 0 runs, 0 hits, 0 errors, 1 left on base; Villanova 0 - Tennessee 0 | TOP OF THE 4TH |
---|
Villanova Wildcats batting - Pitching for Tennessee Volunteers : RHP John Lowe | Batting: LHB William Donnelly | 0-0: Called Strike 0-1: Called Strike 0-2: Ball 1-2: Foul Ball, location: 2F 1-2: Foul Ball, location: 2F 1-2: Ball 2-2: SINGLE (Flyball, 7LS) | Batting: RHB Paul Bell | 0-0: Called Strike 0-1: Grounds into double play, 5-4-3 (Groundball, 56) | Pitching: RHP Gerald Marshall | | Batting: RHB Gary Jones | 0-0: Called Strike 0-1: Ball 1-1: Fly out, F9 (Flyball, 89D) | Top of the 4th over - 0 runs, 1 hit, 0 errors, 0 left on base; Villanova 0 - Tennessee 0 | BOTTOM OF THE 4TH |
---|
Tennessee Volunteers batting - Pitching for Villanova Wildcats : RHP Norm Sweetland | Batting: LHB Tom McTier | 0-0: Fly out, F8 (Flyball, 89D) | Batting: SHB Jared Calhoun | 0-0: Ball 1-0: DOUBLE (Line Drive, 9) | Batting: LHB Carl Coffman | 0-0: Foul Ball, location: 2F 0-1: DOUBLE (Flyball, 8RXD) Jared Calhoun scores | Batting: RHB Rodney Walker | 0-0: Ball 1-0: Ground out 5-3 (Groundball, 5) | Batting: RHB Lorne McClain | 0-0: Ball 1-0: Ball 2-0: Ball 3-0: Called Strike 3-1: Foul Ball, location: 2F 3-2: Fly out, F9 (Flyball, 9S) | Bottom of the 4th over - 1 run, 2 hits, 0 errors, 1 left on base; Villanova 0 - Tennessee 1 | TOP OF THE 5TH |
---|
Villanova Wildcats batting - Pitching for Tennessee Volunteers : RHP Gerald Marshall | Batting: LHB Anthony Samples | 0-0: Ball 1-0: Ball 2-0: SINGLE (Line Drive, 34) | Batting: RHB Clay Cowden | 0-0: Called Strike 0-1: Fly out, F8 (Flyball, 8RS) | Batting: RHB Howard Lynch | 0-0: Called Strike 0-1: Ball 1-1: Hit by Pitch Anthony Samples to second | Batting: SHB Neil Floyd | 0-0: Foul Ball, location: 2F 0-1: Called Strike 0-2: Ball 1-2: Ball 2-2: Ball 3-2: Strikes out looking | Batting: RHB Bud López | 0-0: Ball 1-0: Ball 2-0: Ball 3-0: Called Strike 3-1: Foul Ball, location: 2F 3-2: Foul Ball, location: 2F 3-2: Strikes out looking | Top of the 5th over - 0 runs, 1 hit, 0 errors, 2 left on base; Villanova 0 - Tennessee 1 | BOTTOM OF THE 5TH |
---|
Tennessee Volunteers batting - Pitching for Villanova Wildcats : RHP Norm Sweetland | Batting: RHB John Pickup | 0-0: Ground out 6-3 (Groundball, 6) | Batting: RHB Bruce Carr | 0-0: Called Strike 0-1: Called Strike 0-2: Foul Ball, location: 2F 0-2: Ball 1-2: Ball 2-2: Ball 3-2: Base on Balls | Batting: RHB Gary Washington | 0-0: Ball 1-0: Ball 2-0: Fly out, F8 (Flyball, 8RM) | Pitching: LHP Shawn Ingram | | Batting: LHB Alfredo Cantú | 0-0: Ground out 4-3 (Groundball, 4) | Bottom of the 5th over - 0 runs, 0 hits, 0 errors, 1 left on base; Villanova 0 - Tennessee 1 | TOP OF THE 6TH |
---|
Villanova Wildcats batting - Pitching for Tennessee Volunteers : RHP Gerald Marshall | Batting: RHB Michael Boulanger | 0-0: Ball 1-0: Foul Ball, location: 2F 1-1: Foul Ball, location: 2F 1-2: Ball 2-2: Ball 3-2: Foul Ball, location: 2F 3-2: Base on Balls | Batting: LHB William Donnelly | 0-0: Ball Michael Boulanger steals 2nd base 1-0: Ball 2-0: Ball 3-0: Called Strike 3-1: Base on Balls | Batting: RHB Paul Bell | 0-0: Ball 1-0: Grounds into double play, 5-4-3 (Groundball, 56) Michael Boulanger to third | Batting: RHB Gary Jones | 0-0: Called Strike 0-1: Called Strike 0-2: Strikes out swinging | Top of the 6th over - 0 runs, 0 hits, 0 errors, 1 left on base; Villanova 0 - Tennessee 1 | BOTTOM OF THE 6TH |
---|
Tennessee Volunteers batting - Pitching for Villanova Wildcats : LHP Shawn Ingram | Batting: LHB Tom McTier | 0-0: Called Strike 0-1: Ground out 4-3 (Groundball, 4) | Batting: SHB Jared Calhoun | 0-0: Called Strike 0-1: Ball 1-1: Ball 2-1: Ball 3-1: Foul Ball, location: 2F 3-2: Base on Balls | Batting: LHB Carl Coffman | 0-0: Ball 1-0: Ball 2-0: Ball 3-0: Called Strike 3-1: DOUBLE (Line Drive, 89D) Jared Calhoun to third | Batting: RHB Rodney Walker | 0-0: Fly out, F7 (Flyball, 7LMF) Runner from 3rd tags up, SCORES, no throw | Batting: RHB Lorne McClain | 0-0: Called Strike 0-1: Ground out 6-3 (Groundball, 6) | Bottom of the 6th over - 1 run, 1 hit, 0 errors, 1 left on base; Villanova 0 - Tennessee 2 | TOP OF THE 7TH |
---|
Villanova Wildcats batting - Pitching for Tennessee Volunteers : RHP Gerald Marshall | Batting: LHB Anthony Samples | 0-0: Ball 1-0: Foul Ball, location: 2F 1-1: Foul Ball, location: 2F 1-2: Strikes out swinging | Batting: RHB Clay Cowden | 0-0: Called Strike 0-1: Ball 1-1: Swinging Strike 1-2: Strikes out swinging | Batting: RHB Howard Lynch | 0-0: Foul Ball, location: 2F 0-1: Ball 1-1: Fly out, F8 (Line Drive, 8RM) | Top of the 7th over - 0 runs, 0 hits, 0 errors, 0 left on base; Villanova 0 - Tennessee 2 | BOTTOM OF THE 7TH |
---|
Tennessee Volunteers batting - Pitching for Villanova Wildcats : LHP Shawn Ingram | Batting: RHB John Pickup | 0-0: Ball 1-0: SINGLE (Groundball, 56D) | Batting: RHB Bruce Carr | 0-0: Foul Ball, location: 2F 0-1: Sac Bunt - play at first, batter OUT! U3 John Pickup to second | Batting: RHB Gary Washington | 0-0: Intentional Walk | Batting: LHB Alfredo Cantú | 0-0: Foul Ball, location: 2F 0-1: Called Strike 0-2: Foul Ball, location: 2F 0-2: Strikes out swinging | Pinch Hitting: RHB Greg Carter | 0-0: Called Strike 0-1: Ball 1-1: Ball 2-1: Ball 3-1: Called Strike 3-2: Base on Balls John Pickup to third Gary Washington to second | Batting: SHB Jared Calhoun | 0-0: Called Strike 0-1: Ball 1-1: Swinging Strike 1-2: Strikes out swinging | Bottom of the 7th over - 0 runs, 1 hit, 0 errors, 3 left on base; Villanova 0 - Tennessee 2 | TOP OF THE 8TH |
---|
Villanova Wildcats batting - Pitching for Tennessee Volunteers : RHP Gerald Marshall | Now in CF: Chris Harper | | Batting: SHB Neil Floyd | 0-0: Ball 1-0: Called Strike 1-1: Ball 2-1: Swinging Strike 2-2: Strikes out swinging | Batting: RHB Bud López | 0-0: Ball 1-0: Called Strike 1-1: Foul Ball, location: 2F 1-2: Strikes out swinging | Batting: RHB Michael Boulanger | 0-0: Ball 1-0: Swinging Strike 1-1: Ball 2-1: Ball 3-1: Foul Ball, location: 2F 3-2: Ground out 4-3 (Groundball, 4) | Top of the 8th over - 0 runs, 0 hits, 0 errors, 0 left on base; Villanova 0 - Tennessee 2 | BOTTOM OF THE 8TH |
---|
Tennessee Volunteers batting - Pitching for Villanova Wildcats : LHP Shawn Ingram | Batting: LHB Carl Coffman | 0-0: Ground out U3 (Groundball, 34S) | Batting: RHB Rodney Walker | 0-0: Foul Ball, location: 2F 0-1: Fly out, F9 (Flyball, 9S) | Batting: RHB Lorne McClain | 0-0: Ball 1-0: Called Strike 1-1: Called Strike 1-2: Ground out 6-3 (Groundball, 6M) | Bottom of the 8th over - 0 runs, 0 hits, 0 errors, 0 left on base; Villanova 0 - Tennessee 2 | TOP OF THE 9TH |
---|
Villanova Wildcats batting - Pitching for Tennessee Volunteers : RHP Gerald Marshall | Pitching: LHP Tony Féliz | | Batting: LHB William Donnelly | 0-0: Called Strike 0-1: Ball 1-1: Called Strike 1-2: Ball 2-2: Ball 3-2: Foul Ball, location: 2F 3-2: Base on Balls | Pinch Runner at 1st Mario Ramírez: | | Batting: RHB Paul Bell | 0-0: Called Strike 0-1: Ball 1-1: Ball 2-1: Foul Ball, location: 2F 2-2: Strikes out swinging | Batting: RHB Gary Jones | 0-0: Ball 1-0: Swinging Strike 1-1: Foul Ball, location: 2F 1-2: Foul Ball, location: 2F 1-2: Strikes out swinging | Batting: LHB Anthony Samples | 0-0: Ball 1-0: Called Strike 1-1: Foul Ball, location: 2F 1-2: Ball 2-2: Foul Ball, location: 2F 2-2: Strikes out looking | Top of the 9th over - 0 runs, 0 hits, 0 errors, 1 left on base; Villanova 0 - Tennessee 2 | |